 Dungeon Crawl Stone Soup version 0.22-a0-406-g9ff8d77 (webtiles) character file.

19143 dstrtnsr the Severer (level 12, -3/116 HPs)
             Began as a Minotaur Berserker on May 9, 2018.
             Was a High Priest of Trog.
             Killed from afar by an electric eel (10 damage)
             ... with a bolt of electricity
             ... on level 12 of the Dungeon.
             The game lasted 00:10:12 (8774 turns).

dstrtnsr the Severer (Minotaur Berserker)           Turns: 8774, Time: 00:10:13

Health: -3/116     AC: 18    Str: 26    XL:     12   Next: 33%
Magic:  11/11      EV:  9    Int:  6    God:    Trog [*****.]
Gold:   566        SH:  0    Dex: 13    Spells: 11/11 levels left

rFire    . . .     SeeInvis .   r - +0 battleaxe
rCold    . . .     Gourm    .   (shield currently unavailable)
rNeg     . . .     Faith    .   F - +1 plate armour of Winter {Int+2} (curse)
rPois    .         Spirit   .   (helmet restricted)
rElec    .         Reflect  .   n - +1 cloak
rCorr    .         Harm     .   (no gloves)
MR       .....                  B - +2 pair of boots
Stlth    ..........             (no amulet)
HPRegen  0.29/turn              y - +2 ring of dexterity
MPRegen  0.12/turn              (no ring)

@: berserk cooldown, slowed, very slow
A: retaliatory headbutt, horns 2
a: Berserk, Trog's Hand, Brothers in Arms, Renounce Religion


You were on level 12 of the Dungeon.
You worshipped Trog.
Trog was extremely pleased with you.
You were hungry.

You visited 1 branch of the dungeon, and saw 12 of its levels.

You collected 748 gold pieces.
You spent 182 gold pieces at shops.

Inventory:

Hand Weapons
 r - a +0 battleaxe (weapon)
Missiles
 h - a throwing net (quivered)
Armour
 j - a +0 chain mail
 l - a +0 scale mail
 n - a +1 cloak (worn)
 B - a +2 pair of boots (worn)
 F - the cursed +1 plate armour of Winter (worn) {Int+2}
   (You found it on level 11 of the Dungeon)

   It affects your intelligence (+2).
   It has a curse placed upon it.
Jewellery
 w - a +1 ring of evasion
 y - a +2 ring of dexterity (left hand)
Wands
 C - a wand of acid (11)
 M - a wand of polymorph (14)
 P - a wand of paralysis (26)
 V - a wand of digging (14)
Scrolls
 a - a scroll of torment {unknown}
 b - a scroll of vulnerability {unknown}
 d - 3 scrolls of remove curse {@r2}
 f - 4 scrolls of magic mapping
 g - 5 scrolls of teleportation {!d}
 p - a scroll of enchant weapon {unknown}
 v - a scroll of noise {unknown}
 x - a scroll of blinking {unknown}
 D - a scroll of fear {unknown}
 E - a scroll of random uselessness {unknown}
Potions
 c - 2 potions of flight
 i - a potion of cancellation
 k - 4 potions of haste
 o - a potion of agility
 q - 3 potions of heal wounds
 s - a potion of might
 t - a potion of brilliance
 u - a potion of resistance {unknown}
 A - 2 potions of ambrosia
Miscellaneous
 G - a box of beasts
Comestibles
 e - 18 rations {!d}
 m - a chunk of flesh


   Skills:
 + Level 13.6 Fighting
 * Level 18.0 Axes
 + Level 5.3 Armour
 + Level 4.9 Dodging


You had 11 spell levels left.
You didn't know any spells.

Dungeon Overview and Level Annotations

Branches:
Dungeon (12/15)            Temple (0/1) D:6            Lair (0/6) D:10
    Orc (0/2) D:11

Altars:
Fedhas
Kikubaaqudgha

Shops:
D:8 (   D:9 %   D:12 [

Portals:
Trove: D:11 (give 4 scrolls of blinking)


Innate Abilities, Weirdness & Mutations

You reflexively headbutt those who attack you in melee.
You have a pair of horns on your head.


Message History

No target in view!
No target in view!
No target in view!
Deactivating autopickup; reactivate with Ctrl-A.
You slash something! Trog accepts your kill.
Trog appreciates your killing of a magic user.
Reactivating autopickup.
You feel a bit more experienced.
Items here: ) [ †† a dagger; a robe; an orc corpse; an adder corpse You feel a strong urge to attack something.
Found 8 stones.
An electric eel comes into view.
You feel your anger nearly subside.
Unknown command.
An electric eel comes into view.
Your blood rage is quickly leaving you.
An electric eel comes into view.
You are no longer berserk.
Trog's vigour flows through your veins.
You are exhausted.
You feel yourself slow down.
An electric eel comes into view.
The electric eel shoots out a bolt of lightning at you!
The bolt of electricity hits you!
The electric eel shoots out a bolt of lightning at you!
The bolt of electricity hits you!
An electric eel comes into view.
You closely miss the electric eel. You headbutt the electric eel.
The electric eel is moderately wounded.
The electric eel shoots out a bolt of lightning at you!
The bolt of electricity hits you!
The electric eel shoots out a bolt of lightning at you!
The bolt of electricity hits you!
You closely miss the electric eel. You headbutt the electric eel.
The electric eel is heavily wounded.
The electric eel shoots out a bolt of lightning at you!
The bolt of electricity misses the electric eel.
The bolt of electricity hits you!
The electric eel shoots out a bolt of lightning at you!
The bolt of electricity misses you.
A water elemental comes into view.
You slice the electric eel!!
You kill the electric eel!
Trog accepts your kill.
You hear a splash.
Your plate armour of Winter prevents you from hitting the electric eel.
The electric eel shoots out a bolt of lightning at you!
The bolt of electricity hits you!
The electric eel shoots out a bolt of lightning at you!
The bolt of electricity hits the electric eel.
The electric eel completely resists.
The bolt of electricity hits you!
The electric eel shoots out a bolt of lightning at you!
The bolt of electricity hits you!
The electric eel shoots out a bolt of lightning at you!
The bolt of electricity hits you!
Unknown command.
Unknown command.
Unknown command.
Okay, then.
Unknown command.
Okay, then.
Evoke which item? (* to show all) (? for menu, Esc to quit)
Okay, then.
Unknown command.
Okay, then.
The electric eel shoots out a bolt of lightning at you!
The bolt of electricity hits the electric eel.
The electric eel completely resists.
The bolt of electricity hits you!
The electric eel shoots out a bolt of lightning at you!
The bolt of electricity hits the electric eel.
The electric eel completely resists.
The bolt of electricity hits you!
* * * LOW HITPOINT WARNING * * *
The electric eel shoots out a bolt of lightning at you!
The bolt of electricity hits you! The water elemental barely misses you.
The electric eel shoots out a bolt of lightning at you!
The bolt of electricity hits the water elemental.
The water elemental resists.
The bolt of electricity hits you!
* * * LOW HITPOINT WARNING * * *
The electric eel shoots out a bolt of lightning at you!
The bolt of electricity hits the water elemental.
The water elemental resists.
The bolt of electricity hits you!
* * * LOW HITPOINT WARNING * * *
The electric eel shoots out a bolt of lightning at you!
The bolt of electricity hits you!
* * * LOW HITPOINT WARNING * * *
The electric eel shoots out a bolt of lightning at you!
The bolt of electricity hits the water elemental.
The water elemental resists.
The bolt of electricity hits you!
* * * LOW HITPOINT WARNING * * *
Unknown command.
Unknown command.
The electric eel shoots out a bolt of lightning at you!
The bolt of electricity hits the water elemental.
The water elemental resists.
The bolt of electricity hits you!
* * * LOW HITPOINT WARNING * * *
The electric eel shoots out a bolt of lightning at you!
The bolt of electricity hits you!
You die...

###############.
#.............'.
#.#############.
#####+#####.# #.
#........[..# #.
#........)..# #.
#...........# #.
#...........# #.
#(.......@.## ##
#.......E..#
#..........#
#..........#
#≈≈≈≈≈≈≈;≈≈≈≈≈≈≈
≈≈≈≈≈;≈≈≈≈≈≈≈≈≈≈
≈≈≈≈≈;≈≈≈;≈≈≈≈≈≈≈
≈≈≈≈≈≈≈≈≈≈≈≈≈≈≈≈≈
≈≈≈≈≈≈≈≈≈≈≈≈≈≈≈≈≈


You could see a water elemental (wandering) and 4 electric eels.

Vanquished Creatures
  Erolcha (D:12)
  A hydra (D:11)
  7 two-headed ogres
  An unseen horror (D:12)
  Psyche (D:9)
  A centaur skeleton (D:12)
  3 trolls
  3 hippogriffs
  A vampire (D:12)
  A shadow (D:12)
  26 yaks
  A wraith (D:10)
  A basilisk (D:10)
  2 wyverns
  Menkaure (D:7)
  2 soldier ants (D:12)
  3 porcupines (D:10)
  Duvessa (D:7)
  Purgy (D:3)
  2 orc warriors
  An ice beast (D:10)
  5 sky beasts
  A black bear (D:8)
  5 ogres
  4 centaurs
  3 crocodiles
  2 big kobolds
  2 bullfrogs
  A gnoll sergeant (D:9)
  A wyvern skeleton (D:12)
  Dowan (D:7)
  3 scorpions
  A water moccasin skeleton (D:9)
  6 wights
  An electric eel (D:12)
  4 centaur zombies
  3 crimson imps
  2 bullfrog zombies (D:8)
  2 quasits
  6 hounds
  3 orc priests
  5 orc wizards
  2 bullfrog skeletons
  2 gnoll shamans
  A jelly (D:12)
  Jessica (D:3)
  6 iguanas
  Natasha (thrice) (D:2)
  6 worker ants
  Terence (D:2)
  3 hound skeletons
  A hound zombie (D:8)
  A howler monkey zombie (D:8)
  Robin (D:2)
  12 adders
  16 gnolls
  2 adder skeletons (D:8)
  An adder zombie (D:5)
  5 leopard geckos
  25 orcs
  4 bats
  3 giant cockroaches
  11 goblins
  5 hobgoblins (D:2)
  6 jackals
  3 quokkas
  A ball python (D:1)
  4 frilled lizards
  9 kobolds
  A quokka skeleton (D:5)
  A rat (D:2)
259 creatures vanquished.

Vanquished Creatures (collateral kills)
  A manticore (D:11)
  A cyclops (D:11)
  An acid dragon (D:11)
3 creatures vanquished.

Vanquished Creatures (others)
  A goblin (D:2)
  3 bushes (D:10)
  3 fungi (D:10)
  18 plants (D:10)
25 creatures vanquished.

Grand Total: 287 creatures vanquished

Notes
Turn   | Place    | Note
-------+----------+-------------------------------------------
     0 | D:1      | dstrtnsr the Minotaur Berserker began the quest for the Orb.
     0 | D:1      | Reached XP level 1. HP: 19/19 MP: 0/0
   139 | D:2      | Reached skill level 4 in Axes
   141 | D:2      | Reached XP level 2. HP: 23/27 MP: 1/1
   282 | D:2      | Noticed Natasha
   282 | D:2      | Noticed Terence
   289 | D:2      | Killed Natasha
   289 | D:2      | Reached XP level 3. HP: 30/33 MP: 2/2
   292 | D:2      | Reached skill level 5 in Axes
   294 | D:2      | Killed Terence
   294 | D:2      | Reached XP level 4. HP: 26/41 MP: 3/3
   302 | D:2      | Noticed Natasha
   307 | D:2      | HP: 10/41 [Natasha/magic dart (8)]
   309 | D:2      | Killed Natasha
   324 | D:1      | HP: 10/41 [kobold (1)]
   632 | D:2      | Noticed Natasha
   639 | D:2      | Killed Natasha
   742 | D:2      | Noticed Robin
   745 | D:2      | Reached ** piety under Trog
   748 | D:2      | Reached skill level 6 in Axes
   761 | D:2      | Reached XP level 5. HP: 42/47 MP: 4/4
   774 | D:2      | Killed Robin
   903 | D:3      | Reached skill level 5 in Fighting
   977 | D:3      | Noticed Purgy
   988 | D:3      | Killed Purgy
   988 | D:3      | Reached skill level 7 in Axes
   988 | D:3      | Reached XP level 6. HP: 56/56 MP: 5/5
  1125 | D:3      | Noticed Jessica
  1138 | D:3      | Killed Jessica
  1290 | D:4      | Reached skill level 8 in Axes
  1431 | D:4      | Reached XP level 7. HP: 50/63 MP: 6/6
  1732 | D:4      | Reached *** piety under Trog
  1864 | D:5      | Entered Level 5 of the Dungeon
  2016 | D:5      | Reached skill level 9 in Axes
  2510 | D:7      | Reached XP level 8. HP: 59/73 MP: 7/7
  2551 | D:7      | Noticed a hippogriff
  2556 | D:7      | Killed a hippogriff
  2556 | D:7      | Reached skill level 10 in Axes
  2619 | D:7      | Noticed Menkaure
  2622 | D:7      | Killed Menkaure
  2711 | D:7      | Noticed Duvessa
  2712 | D:7      | Noticed Dowan
  2718 | D:7      | Killed Dowan
  2720 | D:7      | Killed Duvessa
  2720 | D:7      | Reached skill level 11 in Axes
  2995 | D:8      | Reached **** piety under Trog
  3043 | D:8      | Reached XP level 9. HP: 53/82 MP: 8/8
  3390 | D:8      | Reached skill level 12 in Axes
  3770 | D:8      | Noticed a two-headed ogre
  3783 | D:8      | Killed a two-headed ogre
  3783 | D:8      | Reached skill level 13 in Axes
  3890 | D:8      | Found Pyrhoum's Antique Weapon Shoppe.
  3898 | D:8      | Bought a battleaxe for 182 gold pieces
  3925 | D:8      | Reached skill level 10 in Fighting
  4031 | D:9      | Noticed Psyche
  4041 | D:9      | Killed Psyche
  4294 | D:9      | Found Adghejom's Food Boutique.
  4322 | D:9      | Noticed a troll
  4326 | D:9      | Killed a troll
  4326 | D:9      | Reached XP level 10. HP: 94/94 MP: 9/9
  4377 | D:9      | Found a blossoming altar of Fedhas.
  4378 | D:9      | Found an ancient bone altar of Kikubaaqudgha.
  4954 | D:10     | Entered Level 10 of the Dungeon
  4955 | D:10     | Noticed a two-headed ogre
  4960 | D:10     | Reached skill level 14 in Axes
  4966 | D:10     | Killed a two-headed ogre
  5149 | D:10     | HP: 37/95 [troll (10)]
  5155 | D:10     | HP: 33/96 [poisoned by a kobold]
  5490 | D:10     | Reached skill level 15 in Axes
  5832 | D:10     | Reached ***** piety under Trog
  5840 | D:10     | HP: 58/145 [yak (9)]
  5843 | D:10     | Received a gift from Trog
  5846 | D:10     | HP: 45/145 [centaur warrior zombie (3)]
  5850 | D:10     | Reached XP level 11. HP: 49/104 MP: 10/10
  5856 | D:10     | Reached skill level 16 in Axes
  5857 | D:10     | Found a staircase to the Lair.
  6425 | D:11     | Got a smoking plate armour
  6436 | D:11     | Identified the cursed +1 plate armour of Winter {Int+2} (You found it on level 11 of the Dungeon)
  6504 | D:11     | Noticed a two-headed ogre
  6509 | D:11     | Killed a two-headed ogre
  6679 | D:11     | Found a staircase to the Orcish Mines.
  6821 | D:11     | Found a portal to a secret trove of treasure.
  6849 | D:11     | HP: 40/106 [acid dragon/splash of acid (9)]
  6854 | D:11     | HP: 8/106 [cyclops (27)]
  6857 | D:11     | Reached skill level 17 in Axes
  7240 | D:11     | Noticed a two-headed ogre
  7246 | D:11     | Killed a two-headed ogre
  7315 | D:11     | Noticed a six-headed hydra
  7357 | D:11     | Killed a ten-headed hydra
  7516 | D:11     | Noticed a two-headed ogre
  7521 | D:11     | Killed a two-headed ogre
  7606 | D:12     | Noticed a two-headed ogre
  7618 | D:12     | Killed a two-headed ogre
  7735 | D:12     | Noticed a two-headed ogre
  7739 | D:12     | HP: 30/107 [two-headed ogre/giant spiked club (17)]
  7742 | D:12     | Killed a two-headed ogre
  8127 | D:12     | Reached XP level 12. HP: 115/115 MP: 11/11
  8243 | D:12     | Noticed Erolcha
  8251 | D:12     | Paralysed by Erolcha for 5 turns
  8259 | D:12     | Killed Erolcha
  8542 | D:12     | Found Veb Jyuf's Antique Armour Emporium.
  8746 | D:12     | Reached skill level 5 in Armour
  8750 | D:12     | Reached skill level 18 in Axes
  8772 | D:12     | HP: 38/116 [electric eel/bolt of electricity (13)]
  8773 | D:12     | HP: 16/116 [electric eel/bolt of electricity (9)]
  8774 | D:12     | HP: 7/116 [electric eel/bolt of electricity (1)]
  8774 | D:12     | Killed from afar by an electric eel

Vault maps used:
D:1:      lightli_arrival_farm
D:2:      uniq_natasha, uniq_robin, uniq_terence
D:3:      first_ration, uniq_jessica, uniq_sigmund, uniq_purgy
D:5:      serial_shops, shop
D:6:      chequers_temple_overflow_statue_of_worship, overflow_temple_1_default,
          minmay_temple_entry_crystal_x
D:7:      nicolae_dithmenos_through_a_glass_darkly, basic_altar, st_stairs_5,
          uniq_crazy_yiuf_cottage, uniq_duvessa, uniq_menkaure
D:8:      hangedman_cross_stitches, serial_shops, nicolae_shop_trees,
          grunt_ministairs_15
D:9:      grunt_temple_overflow_growth_and_decay, serial_shops, shop_coins,
          uniq_psyche
D:10:     minmay_lair_entry_grove
D:11:     david_orc_2, enter_trove_2
D:12:     serial_shops, kennysheep_mini_moat, grunt_ogre_cave,
          grunt_ministairs_6, uniq_erolcha

Skill      XL: |  1  2  3  4  5  6  7  8  9 10 11 12 |
---------------+-------------------------------------+-----
Axes           | 4 5 6 7 8 9 11 13 15 17 18 | 18.0
Fighting       | 4 5 6 7 8 10 12 13 | 13.6
Armour         | 4 5 |  5.3
Dodging        | 3 4 |  4.9

Action                   |  1- 3 |  4- 6 |  7- 9 | 10-12 || total
-------------------------+-------+-------+-------+-------++-------
Melee: Hand axe          |    31 |   105 |       |       ||   136
       Headbutt          |     5 |    13 |    37 |    67 ||   122
       War axe           |       |     7 |   169 |       ||   176
       Battleaxe         |       |       |    44 |   254 ||   298
Invok: Berserk           |     1 |     4 |     6 |    11 ||    22
       Brothers in Arms  |       |       |       |     3 ||     3
       Trog's Hand       |       |       |       |     1 ||     1
  Use: Scroll            |       |     1 |     7 |     8 ||    16
       Potion            |       |     1 |       |     4 ||     5
 Stab: Invisible         |       |       |     1 |       ||     1
  Eat: Chunk             |       |     6 |    14 |    16 ||    36
       Ration            |       |       |       |     3 ||     3
Armor: Animal skin       |     7 |     1 |       |       ||     8
       Scale mail        |       |    45 |    10 |       ||    55
       Chain mail        |       |       |    62 |       ||    62
       Plate armour      |       |       |    30 |   137 ||   167
Dodge: Dodged            |    26 |    56 |   100 |    92 ||   274

Table legend:
 A = Spawn XP
 B = Non-spawn XP
 C = Spawn XP percentage of total XP
 D = Spawn monster count
 E = Non-spawn monster count
 F = Spawn count percentage of total count
 G = Total turns spent on level
                    A         B        C        D         E        F      G
               +---------+---------+-------+---------+---------+-------+---------
         Total |       0 |   27348 |   0.0 |       0 |     262 |   0.0 |  8774
               +---------+---------+-------+---------+---------+-------+---------
           D:1 |       0 |      17 |   0.0 |       0 |      10 |   0.0 |   389
           D:2 |       0 |     201 |   0.0 |       0 |      26 |   0.0 |   510
           D:3 |       0 |     243 |   0.0 |       0 |      15 |   0.0 |   243
           D:4 |       0 |     394 |   0.0 |       0 |      19 |   0.0 |   772
           D:5 |       0 |     457 |   0.0 |       0 |      14 |   0.0 |   469
           D:6 |       0 |      56 |   0.0 |       0 |       2 |   0.0 |    77
           D:7 |       0 |     908 |   0.0 |       0 |      12 |   0.0 |   491
           D:8 |       0 |    2260 |   0.0 |       0 |      32 |   0.0 |  1080
           D:9 |       0 |    1186 |   0.0 |       0 |      16 |   0.0 |   923
          D:10 |       0 |    6463 |   0.0 |       0 |      43 |   0.0 |  1393
          D:11 |       0 |    7148 |   0.0 |       0 |      31 |   0.0 |  1254
          D:12 |       0 |    8015 |   0.0 |       0 |      42 |   0.0 |  1173
               +---------+---------+-------+---------+---------+-------+---------
